 Dungeon Crawl Stone Soup version 0.29-a0-717-g6dac4ea423 (webtiles) character file.

Game seed: 1965435448581586277

403 avis the Shooter (level 6, -5/56 HPs)
             Began as a Demigod Hunter on June 26, 2022.
             Killed by divine providence
             ... invoked by an orc priest
              (11 damage)
             ... on level 4 of the Dungeon on June 27, 2022.
             The game lasted 00:17:51 (3223 turns).

avis the Shooter (Demigod Hunter)                   Turns: 3223, Time: 00:17:51

Health: -5/56      AC:  6    Str: 12    XL:     6   Next: 29%
Magic:  8/8        EV: 12    Int: 11    God:
Gold:   213        SH:  0    Dex: 25    Spells: 5/5 levels left

rFire   . . .      SeeInvis .   a - +0 shortbow
rCold   . . .      Faith    .   (shield currently unavailable)
rNeg    . . .      Spirit   .   c - +0 leather armour
rPois   .          Reflect  .   k - +0 helmet
rElec   .          Harm     .   n - +0 cloak
rCorr   .          Rampage  .   (no gloves)
Will    .....                   o - +0 pair of boots
Stlth   +.........              (no amulet)
HPRegen 0.18/turn               (no ring)
MPRegen 0.11/turn               (no ring)

@: confused
A: high MP 1, forlorn, divine attributes
a: no special abilities


You were on level 4 of the Dungeon.
You visited 1 branch of the dungeon, and saw 4 of its levels.

You collected 213 gold pieces.

Inventory:

Hand Weapons
 a - a +0 shortbow (weapon)
 b - a +0 rapier of holy wrath
 v - a +0 dagger of electrocution
 w - the +8 dagger of Karma {freeze, Drain rC+ Dex+3 Stlth+}
   (You found it on level 2 of the Dungeon)

   It freezes those it strikes, dealing additional cold damage.
   It can also slow down cold-blooded creatures.
   Dex:       It affects your dexterity (+3).
   rC:        It protects you from cold.
   Drain:     It drains your maximum health when unequipped.
   Stlth:     It makes you more stealthy.
Armour
 c - a +0 leather armour (worn)
 k - a +0 helmet (worn)
 n - a +0 cloak (worn)
 o - a +0 pair of boots (worn)
 s - a +0 ring mail
Magical Staves
 q - a staff of earth
Scrolls
 e - a scroll of enchant weapon {unknown}
 f - 3 scrolls of teleportation {unknown}
 g - a scroll of poison {unknown}
 h - 3 scrolls of immolation
 j - a scroll of vulnerability {unknown}
 m - 3 scrolls of identify {unknown}
 r - 2 scrolls of amnesia {unknown}
 t - a scroll of blinking {unknown}
Potions
 d - 2 potions of curing
 i - 3 potions of lignification {unknown}
 l - a potion of attraction {unknown}
 p - 2 potions of resistance
 u - 3 potions of heal wounds {unknown}


   Skills:
 - Level 5.0 Fighting
 * Level 5.5 Ranged Weapons
 - Level 1.7 Dodging
 - Level 0.8 Stealth


You had 5 spell levels left.
You didn't know any spells.
Your spell library contained the following spells:

 Spells                   Type           Power      Damage    Failure   Level
 Freeze                   Ice            0%         1d3       41%         1
 Frozen Ramparts          Ice            0%         1d2       80%         3
 Hailstorm                Conj/Ice       0%         3d3       99%         4


Dungeon Overview and Level Annotations

Branches:
Dungeon (4/15)
 Temple: D:4-7

Shops:
D:1 =

Annotations:
D:4 Sigmund


Innate Abilities, Weirdness & Mutations

You have an increased reservoir of magic. (+10% MP)
You shall have no god before yourself.
Your divine heritage dramatically boosts your attributes as you level up.


Message History

Aim: an orc priest, wielding a +0 dagger and wearing a +0 leather armour (68% to hit)
You shoot an arrow. The arrow closely misses the jackal.
The arrow barely misses the orc.
The arrow closely misses the orc.
The arrow closely misses the orc priest.
The jackal misses you.
The jackal bites you but does no damage.
The orc priest casts a cantrip, but nothing happens.
Fire: a) +0 shortbow
Press: ? - help, Q - select action Shift-Dir - straight line, f/p - orc priest
Aim: an orc priest, wielding a +0 dagger and wearing a +0 leather armour (68% to hit)
You shoot an arrow. The arrow misses the jackal.
The arrow hits the orc.
The orc is heavily wounded.
The jackal bites you.
* * * LOW HITPOINT WARNING * * *
The jackal closely misses you.
Fire: a) +0 shortbow
Press: ? - help, Q - select action Shift-Dir - straight line, f/p - orc priest
Aim: an orc priest, wielding a +0 dagger and wearing a +0 leather armour (68% to hit)
You shoot an arrow. The arrow hits the jackal!
You kill the jackal!
Fire: a) +0 shortbow
Press: ? - help, Q - select action Shift-Dir - straight line, f/p - orc priest
Aim: an orc priest, wielding a +0 dagger and wearing a +0 leather armour (68% to hit)
You shoot an arrow. The arrow hits the orc!
You kill the orc!
Fire: a) +0 shortbow
Press: ? - help, Q - select action Shift-Dir - straight line, f/p - orc priest
Aim: an orc priest, wielding a +0 dagger and wearing a +0 leather armour (68% to hit)
You shoot an arrow.
The orc priest calls down the wrath of Beogh upon you.
Beogh smites you!
* * * LOW HITPOINT WARNING * * *
Something hits you but does no damage.
You feel better.
You hear some strange, mumbled words.
You are confused.
The orc priest calls down the wrath of Beogh upon you.
Beogh smites you!
You die...

#
########.######
#.....o........
#..<...@# #.#
#.........#.#
.........##.#.#
#....l....# #.#
#.##$.....#
#.########.. ..
######.#
#..[@)o)oo.. #
.# ##########).
#


You could see an orc priest and 2 orcs.

Vanquished Creatures
  A necrophage (D:4)
  A hound (D:3)
  An orc priest (D:4)
  An orc wizard (D:4)
  Natasha (thrice) (D:3)
  8 adders
  2 worms (D:2)
  2 dart slugs
  8 orcs (D:4)
  4 endoplasms
  5 giant cockroaches
  15 goblins
  10 hobgoblins
  7 jackals
  3 quokkas (D:2)
  9 ball pythons
  2 bats
  A frilled lizard (D:3)
  7 kobolds
  6 rats
96 creatures vanquished.

Notes
Turn   | Place    | Note
-------+----------+-------------------------------------------
     0 | D:1      | avis the Demigod Hunter began the quest for the Orb.
     0 | D:1      | Reached XP level 1. HP: 17/17 MP: 3/3
   193 | D:1      | Found Peufoceu's Jewellery Shop.
   230 | D:1      | Reached XP level 2. HP: 22/24 MP: 4/4
   997 | D:2      | Reached XP level 3. HP: 30/30 MP: 5/5
  1339 | D:2      | Identified the +8 dagger of Karma {freeze, Drain rC+ Dex+3
                  | Stlth+}
  2005 | D:3      | Reached XP level 4. HP: 39/40 MP: 6/6
  2400 | D:3      | Noticed Natasha
  2407 | D:3      | Killed Natasha
  2408 | D:3      | Reached XP level 5. HP: 40/46 MP: 7/7
  2506 | D:3      | Reached skill level 5 in Ranged Weapons
  2710 | D:3      | Noticed Natasha
  2714 | D:3      | Killed Natasha
  3042 | D:3      | Noticed Natasha
  3049 | D:3      | Killed Natasha
  3113 | D:4      | Noticed Sigmund
  3187 | D:4      | Reached skill level 5 in Fighting
  3187 | D:4      | Reached XP level 6. HP: 33/56 MP: 8/8
  3222 | D:4      | HP: 1/56 [orc priest/divine providence (14)]
  3223 | D:4      | Killed from afar by an orc priest

Illustrated notes

Levels and vault maps discovered:
D:1:      minmay_arrival_up_and_down, layout_loops_cross, serial_shops,
          nicolae_shop_crystal, minivault_19
D:2:      cheibrodos_greedy_goblins, layout_basic, patterned_corridor
D:3:      layout_loops_ring, mainiacjoe_overflow_six_doors_small,
          ebering_ecumenical_altar_sacrificial, uniq_natasha
D:4:      layout_loops_ring, hellmonk_ghost_happy_afterlife,
          nicolae_ossuary_entry_plus, uniq_pikel, uniq_robin, uniq_sigmund

Skill      XL: |  1  2  3  4  5 |
---------------+----------------+-----
Fighting       | 2 3 4 5 |  5.0
Ranged Weapons | 4 5 |  5.5
Dodging        | |  1.7
Stealth        | |  0.8

Action                   |  1- 3 |  4- 6 || total
-------------------------+-------+-------++-------
Melee: Rapier            |    11 |       ||    11
 Fire: Shortbow          |   133 |   129 ||   262
  Use: Potion            |       |     2 ||     2
Armor: Leather armour    |    27 |    31 ||    58
Dodge: Dodged            |    39 |    39 ||    78

Table legend: (Time is in decaauts)
 A = Elapsed time spent in this place.
 B = Non-inter-level travel time spent in this place.
 C = Inter-level travel time spent in this place.
 D = Time resting spent in this place.
 E = Time spent auto-exploring this place.
 F = Levels seen in this place.
 G = Mean time per level.
                   A        B        C        D        E       F      G
               +--------+--------+--------+--------+--------+-----+--------+
         Total |   3312 |   2610 |    702 |    400 |   1513 |   4 |  828.0 |
       Dungeon |   3312 |   2610 |    702 |    400 |   1513 |   4 |  828.0 |
               +--------+--------+--------+--------+--------+-----+--------+

Top non-repeatable levels by time:
     D:3: 1243 daAuts
     D:2: 1032 daAuts
     D:1: 955 daAuts
     D:4: 79 daAuts
